cohdb
Replays
Latest Replays
All Replays
Popular Replays
Top Player Replays
Match Explorer
How It Works
Community
CoH3 Stats
Reddit
Sign in to upload your games and track your stats! →
Sign in with Steam
Match 42425087
Unlisted
Match 42425087
Overview
Messages
Build Orders
End
Royal Engineer Section
Construct Section Command Post
Infantry Section
Dingo Light Scout Car
Infantry Section
Selects Canadian Shock Battlegroup
Selects Canadian Shock Battlegroup
Selects Attacking Spirit
Selects Canadian Shock Section
Canadian Shock Section
Construct Platoon Command Post
Selects Incendiary Munitions
Selects Pyrotechnics
Humber Armored Car
6-pounder Anti-tank Gun Team
Vickers Machine Gun Team
Infantry Section
Construct Company Command Post
Matilda II Heavy Tank
Construct Field Infirmary
6-pounder Anti-tank Gun Team
Foot Guards Section
Selects Churchill Crocodile Heavy Tank
Crusader II Medium Tank
BIOHAZARD
7k this year for sure
0
0
Comments
sign in to comment!
No comments posted yet!